Description

A Protoss cheese build for 3v3 or 4v4 team games. It's not optimized and is really bad. Hit at ~4:20 with 8-11 Chargelots into double Stargate. Don't do this build, seriously.

Build Order

Get SALT Encoding   

  12  0:01  Probe  Rally probe for Pylon wall
  13  0:09  Probe  
  14  0:17  Pylon  
  14  0:21  Probe  Chrono probes once if desired here
  15  0:27  Probe  Rally probe for Gateway
  16  0:38  Gateway  
  16  0:44  Assimilator  Rally probes to gas @ 16/16
  17  0:46  Probe  Chrono probes once if desired here
  17  0:50  Probe  
  18  1:00  Probe  
  19  1:12  Probe  Rally probe for Cyber and Nexus
  20  1:26  Cybernetics Core  
  20  1:35  Nexus  
  20  1:36  Probe  
  21  1:38  Pylon  
  21  1:48  Zealot  
  23  2:01  Warp Gate  
  23  2:05  Probe  
  24  2:10  Probe  
  24  2:12  Twilight Council  
  25  2:20  Gateway  
  25  2:22  Zealot  
  27  2:32  Gateway  You could proxy this Gateway if you want for fast Warp In. Not worth it IMO
  27  2:41  Charge  Chrono Charge
  27  2:42  Probe  
  28  2:46  Assimilator  
  28  2:49  Probe  
  29  2:54  Probe  Chrono Charge
  29  3:04  Zealot  
  31  3:05  Probe  
  32  3:06  Probe  
  33  3:15  Zealot  Chrono Charge
  35  3:18  Probe  
  36  3:19  Probe  
  37  3:21  Zealot  
  39  3:27  Probe  
  40  3:28  Probe  SEND PROBE TO PROXY LOCATION
  41  3:30  Pylon  PROXY THIS PYLON FOR WARPIN
  41  3:33  Probe  
  42  3:34  Probe  Warp Gate finished
  43  3:43  Probe  
  44  3:44  Probe  
  45  3:59  Zealot  Warp In Zealot x3 MOVE OUT
  47  4:00  Zealot  Warp In Zealot x3 MOVE OUT
  49  4:01  Zealot  Warp In Zealot x3 MOVE OUT
  51  4:02  Pylon  MOVE OUT WITH ZEALOTS
  51  4:08  Zealot  Warp In Zealot x3 @ Proxy Pylon
  53  4:09  Zealot  Warp In Zealot x3 @ Proxy Pylon
  55  4:10  Zealot  Warp In Zealot x3 @ Proxy Pylon
  57  4:12  Stargate  Double Stargate when 8 Zealots Move Out
  57  4:13  Stargate  Double Stargate when 8 Zealots Move Out
  57  4:15  Assimilator  
  57  4:16  Assimilator  
  57  4:18  Probe  
  58  4:19  Probe  
  58  4:40  Nexus  Take 3rd Base if Possible
  58  4:54  Oracle  Double Oracle or Double Phoenix
  60  4:55  Oracle  Double Oracle or Double Phoenix
  62  5:05  Templar Archives  Prepare for Psi Storm
  62  5:06  Pylon  
  62  5:15  Phoenix  
  64  5:16  Phoenix  Fleet Beacon for Skytoss/Upgrade ASAP
  70  6:00  Fleet Beacon  
Spawning Tool Build Advisor. Get it on Overwolf

Go to:

Details

  • Created by: gmoore6
  • Published on: Apr 12, 2020
  • Modified on: Apr 15, 2020
  • Patch: 4.11.0
Show
View Real Time Build Order
Export as new Build Order

Comments (0)

There are no comments. Be the first!

Create an account to comment!